 Dungeon Crawl Stone Soup version 0.25.1-1-g288607f5aa (webtiles) character file.

Game seed: 14373546741598079454

519 Curus the Poker (level 7, -4/57 HPs)
             Began as a Minotaur Abyssal Knight on July 28, 2020.
             Was a Priest of Lugonu.
             Slain by a phantom (6 damage)
             ... on level 4 of the Dungeon.
             The game lasted 00:15:31 (3346 turns).

Curus the Poker (Minotaur Abyssal Knight)           Turns: 3346, Time: 00:15:31

Health: -4/57      AC:  8    Str: 17    XL:     7   Next: 1%
Magic:  10/10      EV:  7    Int:  9    God:    Lugonu [***...]
Gold:   116        SH:  0    Dex: 11    Spells: 6/6 levels left

rFire    . . .     SeeInvis .   a - +3 spear
rCold    . . .     Gourm    .   (no shield)
rNeg     . . .     Faith    .   e - +0 chain mail
rPois    .         Spirit   .   (helmet restricted)
rElec    .         Reflect  .   (no cloak)
rCorr    .         Harm     .   (no gloves)
MR       .....                  (no boots)
Stlth    ..........             (no amulet)
HPRegen  0.19/turn              (no ring)
MPRegen  0.12/turn              (no ring)

@: berserk cooldown, slowed, very slow
A: retaliatory headbutt, horns 2
a: Depart the Abyss, Bend Space, Banish, Renounce Religion


You were on level 4 of the Dungeon.
You worshipped Lugonu.
Lugonu was most pleased with you.
You were hungry.

You visited 1 branch of the dungeon, and saw 4 of its levels.
You visited the Abyss 1 time.

You collected 116 gold pieces.

Inventory:

Hand Weapons
 a - a +3 spear (weapon)
Armour
 b - a +0 leather armour
 e - a +0 chain mail (worn)
 n - a +0 ring mail of magic resistance
Wands
 m - a wand of iceblast (5)
Scrolls
 f - a scroll of enchant weapon
 g - 2 scrolls of blinking
 l - a scroll of magic mapping
Potions
 d - 3 potions of ambrosia
 h - 2 potions of brilliance
 i - a potion of curing
Comestibles
 c - 12 rations


   Skills:
 - Level 3.6 Fighting
 + Level 6.6 Polearms
 - Level 2.4 Armour
 - Level 1.1 Dodging
 + Level 5.5 Invocations


You had 6 spell levels left.
You didn't know any spells.
Your spell library was empty.

Dungeon Overview and Level Annotations

Branches:
Dungeon (4/15)
 Temple: D:4-7

Altars:
Fedhas
Nemelex Xobeh
Okawaru

Shops:
D:4 %


Innate Abilities, Weirdness & Mutations

You reflexively headbutt those who attack you in melee.
You have a pair of horns on your head.


Message History

The phantom is moderately damaged.
The phantom hits you but does no damage.
You puncture the phantom! Your headbutt misses the phantom.
The phantom is heavily damaged.
The phantom hits you but does no damage.
The phantom hits you.
* * * LOW HITPOINT WARNING * * *
You barely miss the phantom.
The phantom is heavily damaged.
The phantom hits you but does no damage.
You closely miss the phantom. Your headbutt misses the phantom.
The phantom is heavily damaged.
The phantom hits you but does no damage.
You closely miss the phantom. Your headbutt misses the phantom.
The phantom is heavily damaged.
The phantom hits you but does no damage.
You hit the phantom but do no damage.
The phantom is heavily damaged.
The phantom hits you.
You die...

.... #.##. ....
.## #.... ...
..## #....
#.####..# #....
#...##..## #....
#....#...# #....
#....#...# ###+#
#?...W...##
######@...#
#....# .# #.#
..####....#...#
#..
..$....††......
###
#######.#######
###
#.#############..
#...............#
###############.#
#..


You could see a phantom.

Vanquished Creatures
  A phantom (D:4)
  2 hounds (D:4)
  Ijyb (D:3)
  3 iguanas (D:4)
  Natasha (thrice) (D:3)
  2 orc wizards (D:3)
  4 adders
  An ooze (D:1)
  An adder skeleton (D:4)
  3 worms
  3 dart slugs (D:2)
  2 leopard geckos (D:3)
  6 orcs (D:3)
  6 giant cockroaches
  10 hobgoblins
  14 kobolds
  5 bats
  4 frilled lizards
  10 goblins
  9 rats
90 creatures vanquished.

Vanquished Creatures (others)
  A bat (D:3)
1 creature vanquished.

Grand Total: 91 creatures vanquished

Notes
Turn   | Place    | Note
-------+----------+-------------------------------------------
     0 | Abyss:1  | Curus the Minotaur Abyssal Knight began the quest for the
                  | Orb.
     0 | Abyss:1  | Reached XP level 1. HP: 19/19 MP: 1/1
    10 | Abyss:1  | Found a corrupted altar of Lugonu.
    89 | D:1      | Escaped the Abyss
   385 | D:1      | Reached XP level 2. HP: 26/26 MP: 2/2
   398 | D:1      | Reached skill level 3 in Polearms
   680 | D:1      | Reached ** piety under Lugonu
   947 | D:2      | Reached XP level 3. HP: 31/31 MP: 4/4
  1233 | D:2      | Reached skill level 4 in Polearms
  1311 | D:2      | Reached XP level 4. HP: 39/39 MP: 5/5
  1991 | D:3      | Found a blossoming altar of Fedhas.
  2061 | D:3      | Reached *** piety under Lugonu
  2061 | D:3      | Reached XP level 5. HP: 39/45 MP: 6/6
  2242 | D:3      | Found an iron altar of Okawaru.
  2269 | D:3      | Noticed Natasha
  2274 | D:3      | Killed Natasha
  2274 | D:3      | Reached skill level 5 in Polearms
  2280 | D:3      | Noticed Natasha
  2288 | D:3      | Killed Natasha
  2591 | D:3      | Noticed Natasha
  2600 | D:3      | Killed Natasha
  2752 | D:3      | Found a sparkling altar of Nemelex Xobeh.
  2920 | D:3      | Reached XP level 6. HP: 51/51 MP: 8/8
  2940 | D:3      | Noticed Ijyb
  2949 | D:3      | Killed Ijyb
  3097 | D:4      | Found Cozaleon's Food Shop.
  3142 | D:4      | Reached skill level 6 in Polearms
  3142 | D:4      | Reached skill level 5 in Invocations
  3325 | D:4      | Reached XP level 7. HP: 15/57 MP: 8/10
  3334 | D:4      | HP: 2/57 [phantom (3)]
  3342 | D:4      | HP: 2/57 [phantom (2)]
  3346 | D:4      | Slain by a phantom

Illustrated notes

Levels and vault maps discovered:
D:1:      roderic_octagonal_star, layout_basic, serial_park_tiny_2, st_stairs_8
D:2:      layout_basic, st_stairs_14
D:3:      layout_loops_ring, okawaru_ov_weapons_minmay, fedhas_altar_fruit_tree,
          old_standard_altar, minmay_randomly_rotated_circles, uniq_natasha,
          uniq_ijyb
D:4:      minmay_recursive_quarters, layout_basic, minmay_temple_entry_waves,
          serial_shops, shop, minivault_4, chequers_serial_rivers_room_b,
          grunt_ministairs_3, chequers_serial_rivers_micro_a, st_stairs_3,
          uniq_blork_the_orc

Skill      XL: |  1  2  3  4  5  6 |
---------------+-------------------+-----
Invocations    | 2 3 4 5 |  5.5
Polearms       | 3 4 5 6 |  6.6
Fighting       | |  3.6
Armour         | |  2.4
Dodging        | |  1.1

Action                   |  1- 3 |  4- 6 |  7- 9 || total
-------------------------+-------+-------+-------++-------
Melee: Spear             |   106 |   183 |    12 ||   301
       Headbutt          |     9 |    25 |     1 ||    35
  Use: Scroll            |     5 |     3 |       ||     8
       Potion            |     5 |     4 |       ||     9
  Eat: Chunk             |     1 |     6 |       ||     7
Armor: Chain mail        |    37 |    65 |     5 ||   107
Dodge: Dodged            |    25 |    53 |       ||    78
